TOP OF THE 1ST |
San Francisco (APP) Giants batting - Pitching for Bristol Pirates : RHP Marvin Sharpe
|
Pitching: RHP Marvin Sharpe
|
|
Batting: RHB Coen Dirks
|
0-0: Ball 1-0: Foul Ball, location: 2F 1-1: Called Strike 1-2: Ball 2-2: Ball 3-2: Foul Ball, location: 2F 3-2: Base on Balls
|
Batting: RHB Vinny Torres
|
0-0: Ball 1-0: Swinging Strike Coen Dirks steals 2nd base 1-1: Ball 2-1: Ball 3-1: Foul Ball, location: 2F 3-2: Foul Ball, location: 2F 3-2: Base on Balls
|
Batting: RHB Zach Maguire
|
0-0: Called Strike 0-1: Foul Ball, location: 2F 0-2: Ball 1-2: Fly out, F7 (Flyball, 7S, EV 88.1 MPH)
|
Batting: RHB Edwin Verdugo
|
0-0: Called Strike 0-1: Foul Ball, location: 2F 0-2: Ball 1-2: Ball 2-2: Foul Ball, location: 2F 2-2: SINGLE (Flyball, 7LS, EV 90.0 MPH) Coen Dirks to third Vinny Torres to second Throwing error, E7 Coen Dirks scores Vinny Torres to third Edwin Verdugo to second
|
Batting: LHB Dennis Jones
|
0-0: Called Strike 0-1: Ball 1-1: Foul Ball, location: 2F 1-2: Ground out 4-3 (Groundball, 34, EV 83.1 MPH) Vinny Torres scores Edwin Verdugo to third
|
Batting: LHB Kuan Hsia
|
0-0: Ball 1-0: Ball 2-0: Fly out, F9 (Line Drive, 9S, EV 92.5 MPH)
|
Top of the 1st over - 2 runs, 1 hit, 1 error, 1 left on base; San Francisco (APP) 2 - Bristol 0 |
BOTTOM OF THE 1ST |
Bristol Pirates batting - Pitching for San Francisco (APP) Giants : RHP Pablo Mejia
|
Pitching: RHP Pablo Mejia
|
|
Batting: RHB Matt Derrien
|
0-0: Swinging Strike 0-1: Foul Ball, location: 2F 0-2: Ground out 5-3 (Groundball, 56, EV 86.2 MPH)
|
Batting: LHB Sun-wei Kuai
|
0-0: Called Strike 0-1: Ball 1-1: DOUBLE (Groundball, 5L, EV 103.8 MPH)
|
Batting: RHB Jon Solis
|
0-0: Ball 1-0: Called Strike 1-1: Called Strike 1-2: Ball 2-2: Strikes out swinging
|
Batting: SHB Nathan Clement
|
0-0: Swinging Strike 0-1: Foul Ball, location: 2F 0-2: Ball 1-2: Ball 2-2: Foul Ball, location: 2F 2-2: Ball 3-2: Foul Ball, location: 2F 3-2: DOUBLE (Line Drive, 89XD, EV 98.1 MPH) Sun-wei Kuai scores
|
Batting: LHB Ernesto Gasca
|
0-0: Ball 1-0: Ball 2-0: Ball 3-0: Base on Balls
|
Batting: LHB Tommie Benefield
|
0-0: Fly out, F7 (Flyball, 78M, EV 91.9 MPH)
|
Bottom of the 1st over - 1 run, 2 hits, 0 errors, 2 left on base; San Francisco (APP) 2 - Bristol 1 |
TOP OF THE 2ND |
San Francisco (APP) Giants batting - Pitching for Bristol Pirates : RHP Marvin Sharpe
|
Batting: RHB Jaime Rios
|
0-0: Foul Ball, location: 2F 0-1: Foul Ball, location: 2F 0-2: Strikes out swinging
|
Batting: RHB Noe Oliva
|
0-0: Ball 1-0: Ball 2-0: Foul Ball, location: 2F 2-1: Ball 3-1: Foul Ball, location: 2F 3-2: Strikes out swinging
|
Batting: RHB Adrian Franz
|
0-0: Fly out, F8 (Flyball, 8RD, EV 98.8 MPH)
|
Top of the 2nd over - 0 runs, 0 hits, 0 errors, 0 left on base; San Francisco (APP) 2 - Bristol 1 |
BOTTOM OF THE 2ND |
Bristol Pirates batting - Pitching for San Francisco (APP) Giants : RHP Pablo Mejia
|
Batting: RHB Ilija Panic
|
0-0: Ball 1-0: Fly out, F4 (Popup, 23, EV 88.8 MPH)
|
Batting: RHB Brian Brewster
|
0-0: Foul Ball, location: 2F 0-1: Swinging Strike 0-2: Strikes out swinging
|
Batting: RHB Zachery Loomis
|
0-0: Called Strike 0-1: Foul Ball, location: 2F 0-2: Ball 1-2: Foul Ball, location: 2F 1-2: Foul Ball, location: 2F 1-2: Ball 2-2: Foul Ball, location: 2F 2-2: Ball 3-2: Base on Balls
|
Batting: RHB Matt Derrien
|
0-0: SINGLE (Groundball, 6MD, EV 103.1 MPH) Zachery Loomis to second Runner from 2nd tries for 3rd, SAFE, throw by CF made to third
|
Batting: LHB Sun-wei Kuai
|
0-0: Ball Wild Pitch! Zachery Loomis scores Matt Derrien to second 1-0: Fly out, F8 (Flyball, 8RS, EV 85.6 MPH)
|
Bottom of the 2nd over - 1 run, 1 hit, 0 errors, 1 left on base; San Francisco (APP) 2 - Bristol 2 |
TOP OF THE 3RD |
San Francisco (APP) Giants batting - Pitching for Bristol Pirates : RHP Marvin Sharpe
|
Batting: RHB Coen Dirks
|
0-0: Ball 1-0: Called Strike 1-1: Swinging Strike 1-2: Foul Ball, location: 2F 1-2: Ball 2-2: Strikes out swinging
|
Batting: RHB Vinny Torres
|
0-0: Ball 1-0: Ball 2-0: Ball 3-0: Base on Balls
|
Batting: RHB Zach Maguire
|
0-0: Ball Vinny Torres steals 2nd base 1-0: SINGLE (Line Drive, 8LS, EV 108.1 MPH) Vinny Torres to third Runner from 3rd tries for Home, throw by CF and OUT! 8-2
|
Batting: RHB Edwin Verdugo
|
0-0: Foul Ball, location: 2F 0-1: Called Strike 0-2: Ball Zach Maguire is caught stealing 2nd base 2-4
|
Top of the 3rd over - 0 runs, 1 hit, 0 errors, 0 left on base; San Francisco (APP) 2 - Bristol 2 |
BOTTOM OF THE 3RD |
Bristol Pirates batting - Pitching for San Francisco (APP) Giants : RHP Pablo Mejia
|
Batting: RHB Jon Solis
|
0-0: Ground out 6-3 (Groundball, 6, EV 83.1 MPH)
|
Batting: SHB Nathan Clement
|
0-0: Called Strike 0-1: Foul Ball, location: 2F 0-2: Strikes out swinging
|
Batting: LHB Ernesto Gasca
|
0-0: Called Strike 0-1: Ball 1-1: Swinging Strike 1-2: Ball 2-2: Ground out 5-3 (Groundball, 56S, EV 73.1 MPH)
|
Bottom of the 3rd over - 0 runs, 0 hits, 0 errors, 0 left on base; San Francisco (APP) 2 - Bristol 2 |
TOP OF THE 4TH |
San Francisco (APP) Giants batting - Pitching for Bristol Pirates : RHP Marvin Sharpe
|
Batting: RHB Edwin Verdugo
|
0-0: Ball 1-0: Called Strike 1-1: SINGLE (Line Drive, 4D, EV 102.5 MPH)
|
Batting: LHB Dennis Jones
|
0-0: Called Strike 0-1: Foul Ball, location: 2F 0-2: Ball Wild Pitch! Edwin Verdugo to second 1-2: Ground out 4-3 (Groundball, 4, EV 87.5 MPH) Edwin Verdugo to third
|
Batting: LHB Kuan Hsia
|
0-0: Ball 1-0: Ball Passed Ball! Edwin Verdugo scores 2-0: Ball 3-0: Base on Balls
|
Batting: RHB Jaime Rios
|
0-0: Ball 1-0: Ball 2-0: Called Strike 2-1: Called Strike 2-2: SINGLE (Groundball, 56D, EV 108.8 MPH) Kuan Hsia to second
|
Batting: RHB Noe Oliva
|
0-0: Called Strike 0-1: Swinging Strike 0-2: Ball 1-2: Ball 2-2: Ball 3-2: Base on Balls Kuan Hsia to third Jaime Rios to second
|
Batting: RHB Adrian Franz
|
0-0: Ball 1-0: Ball 2-0: Ball 3-0: Base on Balls Kuan Hsia scores Jaime Rios to third Noe Oliva to second
|
Pitching: RHP Ray Maki
|
|
Batting: RHB Coen Dirks
|
0-0: Called Strike 0-1: Ball Passed Ball! Jaime Rios scores Noe Oliva to third Adrian Franz to second 1-1: Ball 2-1: Swinging Strike 2-2: Ball Wild Pitch! Noe Oliva scores Adrian Franz to third 3-2: Base on Balls
|
Batting: RHB Vinny Torres
|
0-0: Fly out, F9 (Flyball, 9D, EV 97.5 MPH) Runner from 3rd tags up, SCORES, throw by RF
|
Batting: RHB Zach Maguire
|
0-0: Ball 1-0: Ball 2-0: Ball 3-0: Base on Balls Coen Dirks to second
|
Batting: RHB Edwin Verdugo
|
0-0: Foul Ball, location: 2F 0-1: Ball 1-1: SINGLE (Flyball, 8RS, EV 89.4 MPH) Coen Dirks to third Zach Maguire to second Runner from 3rd tries for Home, throw by CF and OUT! 8-2
|
Top of the 4th over - 5 runs, 3 hits, 0 errors, 2 left on base; San Francisco (APP) 7 - Bristol 2 |
BOTTOM OF THE 4TH |
Bristol Pirates batting - Pitching for San Francisco (APP) Giants : RHP Pablo Mejia
|
Batting: LHB Tommie Benefield
|
0-0: Ball 1-0: Foul Ball, location: 2F 1-1: Called Strike 1-2: Foul Ball, location: 2F 1-2: Ground out U3 (Groundball, 13, EV 80.0 MPH)
|
Batting: RHB Ilija Panic
|
0-0: Foul Ball, location: 2F 0-1: Called Strike 0-2: Foul Ball, location: 2F 0-2: Ball 1-2: Ball 2-2: Strikes out looking
|
Batting: RHB Brian Brewster
|
0-0: Fly out, F7 (Line Drive, 7S, EV 88.8 MPH)
|
Bottom of the 4th over - 0 runs, 0 hits, 0 errors, 0 left on base; San Francisco (APP) 7 - Bristol 2 |
TOP OF THE 5TH |
San Francisco (APP) Giants batting - Pitching for Bristol Pirates : RHP Ray Maki
|
Batting: LHB Dennis Jones
|
0-0: Ball 1-0: Called Strike 1-1: Foul Ball, location: 2F 1-2: Ball 2-2: Strikes out swinging
|
Batting: LHB Kuan Hsia
|
0-0: Ball 1-0: Ball 2-0: SINGLE (Groundball, 4D, EV 101.9 MPH)
|
Batting: RHB Jaime Rios
|
0-0: Called Strike 0-1: Ball 1-1: Called Strike 1-2: Strikes out swinging
|
Batting: RHB Noe Oliva
|
0-0: Ball 1-0: Reached on error, E4 (Groundball, 6MS, EV 82.5 MPH) Kuan Hsia to third
|
Batting: RHB Adrian Franz
|
0-0: Called Strike 0-1: Ball 1-1: Ball 2-1: Ball 3-1: Foul Ball, location: 2F 3-2: Base on Balls
|
Batting: RHB Coen Dirks
|
0-0: Called Strike 0-1: Swinging Strike 0-2: Strikes out swinging
|
Top of the 5th over - 0 runs, 1 hit, 1 error, 3 left on base; San Francisco (APP) 7 - Bristol 2 |
BOTTOM OF THE 5TH |
Bristol Pirates batting - Pitching for San Francisco (APP) Giants : RHP Pablo Mejia
|
Batting: RHB Zachery Loomis
|
0-0: Swinging Strike 0-1: Called Strike 0-2: Strikes out looking
|
Batting: RHB Matt Derrien
|
0-0: Swinging Strike 0-1: Ball 1-1: SINGLE (Groundball, 34D, EV 99.4 MPH)
|
Batting: LHB Sun-wei Kuai
|
0-0: Swinging Strike 0-1: Ball 1-1: Foul Ball, location: 2F 1-2: Strikes out swinging
|
Pitching: LHP Randy Monaco
|
|
Batting: RHB Jon Solis
|
0-0: Swinging Strike 0-1: Foul Ball, location: 2F 0-2: Ball 1-2: Ground out 1-3 (Groundball, 13S, EV 72.5 MPH)
|
Bottom of the 5th over - 0 runs, 1 hit, 0 errors, 1 left on base; San Francisco (APP) 7 - Bristol 2 |
TOP OF THE 6TH |
San Francisco (APP) Giants batting - Pitching for Bristol Pirates : RHP Ray Maki
|
Pitching: LHP Ighlas Kumbuka
|
|
Batting: RHB Vinny Torres
|
0-0: Ground out 2-3 (Groundball, 15S, EV 72.5 MPH)
|
Batting: RHB Zach Maguire
|
0-0: Called Strike 0-1: Called Strike 0-2: Ball 1-2: Strikes out swinging
|
Batting: RHB Edwin Verdugo
|
0-0: Ball 1-0: Called Strike 1-1: Ball 2-1: Ball 3-1: Base on Balls
|
Batting: LHB Dennis Jones
|
0-0: Foul Ball, location: 2F 0-1: Ball 1-1: Ball 2-1: SINGLE (Line Drive, 7LS, EV 113.1 MPH) Edwin Verdugo to second
|
Batting: LHB Kuan Hsia
|
0-0: Ball 1-0: Swinging Strike 1-1: SINGLE (Groundball, 4MD, EV 104.4 MPH) Edwin Verdugo to third Dennis Jones to second Runner from 3rd tries for Home, SAFE, throw by CF to home
|
Batting: RHB Jaime Rios
|
0-0: Called Strike 0-1: Ball 1-1: Swinging Strike 1-2: Strikes out swinging
|
Top of the 6th over - 1 run, 2 hits, 0 errors, 2 left on base; San Francisco (APP) 8 - Bristol 2 |
BOTTOM OF THE 6TH |
Bristol Pirates batting - Pitching for San Francisco (APP) Giants : LHP Randy Monaco
|
Batting: SHB Nathan Clement
|
0-0: Called Strike 0-1: Ball 1-1: Ball 2-1: Ground out 4-3 (Groundball, 4, EV 80.6 MPH)
|
Batting: LHB Ernesto Gasca
|
0-0: Ball 1-0: Called Strike 1-1: Ball 2-1: Swinging Strike 2-2: Ball 3-2: Base on Balls
|
Batting: LHB Tommie Benefield
|
0-0: Called Strike 0-1: Ball 1-1: SINGLE (Groundball, 25, EV 70.0 MPH) (infield hit) Ernesto Gasca to second
|
Batting: RHB Ilija Panic
|
0-0: Swinging Strike 0-1: Fielders Choice at 2nd, 6-4 (Groundball, 6, EV 105.6 MPH) Ernesto Gasca to third
|
Batting: RHB Brian Brewster
|
0-0: Ball Passed Ball! Ernesto Gasca scores Ilija Panic to second 1-0: Called Strike 1-1: Ball 2-1: Called Strike 2-2: Strikes out swinging
|
Bottom of the 6th over - 1 run, 1 hit, 0 errors, 1 left on base; San Francisco (APP) 8 - Bristol 3 |
TOP OF THE 7TH |
San Francisco (APP) Giants batting - Pitching for Bristol Pirates : LHP Ighlas Kumbuka
|
Batting: RHB Noe Oliva
|
0-0: Ball 1-0: Called Strike 1-1: Swinging Strike 1-2: Ball 2-2: Foul Ball, location: 2F 2-2: Foul Ball, location: 2F 2-2: Strikes out swinging
|
Batting: RHB Adrian Franz
|
0-0: Called Strike 0-1: Foul Ball, location: 2F 0-2: Ball 1-2: Foul Ball, location: 2F 1-2: Ball 2-2: SINGLE (Groundball, 34, EV 110.6 MPH)
|
Pitching: RHP Dustin Hamblin
|
|
Batting: RHB Coen Dirks
|
0-0: Swinging Strike 0-1: Grounds into double play, 5-4-3 (Groundball, 56, EV 81.9 MPH)
|
Top of the 7th over - 0 runs, 1 hit, 0 errors, 0 left on base; San Francisco (APP) 8 - Bristol 3 |
BOTTOM OF THE 7TH |
Bristol Pirates batting - Pitching for San Francisco (APP) Giants : LHP Randy Monaco
|
Batting: RHB Zachery Loomis
|
0-0: Ball 1-0: Fly out, F8 (Line Drive, 8LD, EV 93.8 MPH)
|
Batting: RHB Matt Derrien
|
0-0: Called Strike 0-1: Called Strike 0-2: Foul Ball, location: 2F 0-2: Foul Ball, location: 2F 0-2: Ball 1-2: Ball 2-2: Strikes out looking and he ARGUES THE CALL AND IS TOSSED!
|
Batting: LHB Sun-wei Kuai
|
0-0: Ball 1-0: Foul Ball, location: 2F 1-1: Ball 2-1: Ball 3-1: Foul Ball, location: 2F 3-2: Foul Ball, location: 2F 3-2: Foul Ball, location: 2F 3-2: Foul Ball, location: 2F 3-2: Foul Ball, location: 2F 3-2: Strikes out swinging
|
Bottom of the 7th over - 0 runs, 0 hits, 0 errors, 0 left on base; San Francisco (APP) 8 - Bristol 3 |
TOP OF THE 8TH |
San Francisco (APP) Giants batting - Pitching for Bristol Pirates : RHP Dustin Hamblin
|
Batting: RHB Vinny Torres
|
0-0: Ball 1-0: Ball 2-0: Ball 3-0: Base on Balls
|
Batting: RHB Zach Maguire
|
0-0: Called Strike 0-1: Ball Vinny Torres steals 2nd base 1-1: Foul Ball, location: 2F 1-2: Ball 2-2: Ball 3-2: 2-RUN HOME RUN (Flyball, 78XD, EV 107.5 MPH), Distance : 415 ft
|
Batting: RHB Edwin Verdugo
|
0-0: Called Strike 0-1: Ball 1-1: Ball 2-1: Swinging Strike 2-2: Strikes out looking
|
Batting: LHB Dennis Jones
|
0-0: Swinging Strike 0-1: Swinging Strike 0-2: Strikes out swinging
|
Pinch Hitting: SHB Cedric Sweep
|
0-0: SOLO HOME RUN (Flyball, 7D, EV 99.4 MPH), Distance : 390 ft
|
Batting: RHB Jaime Rios
|
0-0: Swinging Strike 0-1: Called Strike 0-2: Foul Ball, location: 2F 0-2: Ball 1-2: Strikes out swinging
|
Top of the 8th over - 3 runs, 2 hits, 0 errors, 0 left on base; San Francisco (APP) 11 - Bristol 3 |
BOTTOM OF THE 8TH |
Bristol Pirates batting - Pitching for San Francisco (APP) Giants : LHP Randy Monaco
|
Now in RF: Cedric Sweep
|
|
Batting: RHB Jon Solis
|
0-0: Ball 1-0: Ball 2-0: Ball 3-0: Base on Balls
|
Pitching: RHP François Leclerc
|
|
Batting: SHB Nathan Clement
|
0-0: Ball 1-0: Foul Ball, location: 2F 1-1: Ball 2-1: Foul Ball, location: 2F 2-2: SINGLE (Groundball, 4MS, EV 75.6 MPH) (infield hit) Jon Solis to second
|
Batting: LHB Ernesto Gasca
|
0-0: Ball 1-0: Ball 2-0: DOUBLE (Line Drive, 89D, EV 101.9 MPH) Jon Solis scores Nathan Clement to third
|
Batting: LHB Tommie Benefield
|
0-0: Ball 1-0: Called Strike 1-1: SINGLE (Groundball, 6M, EV 92.5 MPH) (infield hit) Nathan Clement scores Ernesto Gasca to third
|
Pinch Hitting: LHB Damien Cohen
|
0-0: Ball 1-0: Ball 2-0: Fly out, F9 (Flyball, 9, EV 93.1 MPH)
|
Pinch Hitting: RHB Jason Rhodes
|
0-0: Ball 1-0: Called Strike 1-1: Fly out, F8 (Line Drive, 8LD, EV 106.9 MPH) Runner from 3rd tags up, SCORES, no throw by CF
|
Pinch Hitting: RHB Ryan Thurston
|
0-0: Swinging Strike 0-1: Swinging Strike 0-2: Ball 1-2: Strikes out swinging
|
Bottom of the 8th over - 3 runs, 3 hits, 0 errors, 1 left on base; San Francisco (APP) 11 - Bristol 6 |
TOP OF THE 9TH |
San Francisco (APP) Giants batting - Pitching for Bristol Pirates : RHP Dustin Hamblin
|
Pitching: RHP Luis Flores
|
|
Now at 2B: Ryan Thurston
|
|
Now at 3B: Juan Ayala
|
|
Now at SS: Jason Rhodes
|
|
Now in RF: Sun-wei Kuai
|
|
Batting: RHB Noe Oliva
|
0-0: Called Strike 0-1: Ball 1-1: Ground out 6-3 (Groundball, 6, EV 103.8 MPH)
|
Batting: RHB Adrian Franz
|
0-0: Ball 1-0: Foul Ball, location: 2F 1-1: Ball 2-1: Called Strike 2-2: Strikes out swinging passed ball, reaches first!
|
Batting: RHB Coen Dirks
|
0-0: Called Strike 0-1: DOUBLE (Flyball, 8RXD, EV 113.8 MPH) Adrian Franz to third Runner from 3rd tries for Home, SAFE, throw by CF to home
|
Batting: RHB Vinny Torres
|
0-0: Ball 1-0: Ball 2-0: Foul Ball, location: 2F 2-1: Called Strike 2-2: Strikes out swinging
|
Batting: RHB Zach Maguire
|
0-0: Foul Ball, location: 2F 0-1: SINGLE (Groundball, 3D, EV 96.9 MPH) Coen Dirks to third Runner from 3rd tries for Home, throw by RF and OUT! 9-2
|
Top of the 9th over - 1 run, 2 hits, 0 errors, 1 left on base; San Francisco (APP) 12 - Bristol 6 |
BOTTOM OF THE 9TH |
Bristol Pirates batting - Pitching for San Francisco (APP) Giants : RHP François Leclerc
|
Batting: RHB Oscar Mora
|
0-0: Ball 1-0: Foul Ball, location: 2F 1-1: Foul Ball, location: 2F 1-2: Ball 2-2: Strikes out swinging
|
Batting: LHB Sun-wei Kuai
|
0-0: Foul Ball, location: 2F 0-1: Called Strike 0-2: Strikes out swinging
|
Batting: RHB Jon Solis
|
0-0: Ball 1-0: Foul Ball, location: 2F 1-1: Called Strike 1-2: Ball 2-2: Ball 3-2: Base on Balls
|
Batting: SHB Nathan Clement
|
0-0: Called Strike 0-1: DOUBLE (Flyball, 8RD, EV 96.9 MPH) Jon Solis to third
|
Pitching: LHP Jason Haas
|
|
Batting: LHB Ernesto Gasca
|
0-0: Called Strike 0-1: Called Strike 0-2: Foul Ball, location: 2F 0-2: Strikes out swinging
|
Bottom of the 9th over - 0 runs, 1 hit, 0 errors, 2 left on base; San Francisco (APP) 12 - Bristol 6 |
|